 Dungeon Sprint DCSS version 0.30-a0-123-g91d0c66ccf (webtiles) character file.

Game seed: 5483907437436008445

298 mhtbhm the Geomancer (level 6, -20/32 HPs)
             Began as a Gargoyle Earth Elementalist on Sept 17, 2022.
             Was an Initiate of Vehumet.
             Killed from afar by a deep elf pyromancer (39 damage)
             ... with a bolt of fire
             ... in the Dungeon (Sprint III: "The Ten Rune Challenge").
             The game lasted 00:01:35 (790 turns).

mhtbhm the Geomancer (Gargoyle Earth Elementalist)   Turns: 790, Time: 00:01:36

Health: -20/32     AC:  6    Str: 12    XL:     6   Next: 35%
Magic:  11/15      EV: 12    Int: 17    God:    Vehumet [......]
Gold:   33         SH:  0    Dex: 10    Spells: 8/18 levels left

rFire   . . .      SeeInvis .    i - +0 club
rCold   . . .      Faith    .    (no shield)
rNeg    + . .      Spirit   .    a - +0 robe
rPois   ∞          Reflect  .    (no helmet)
rElec   +          Harm     .    (no cloak)
rCorr   .          Rampage  .    (no gloves)
Will    .....      NoTele   +    (no boots)
Stlth   ++........               (no amulet)
HPRegen 0.10/turn                (no ring)
MPRegen 0.14/turn                (no ring)

@: no status effects
A: sickness immunity, AC +4, negative energy resistance 1, electricity
resistance, torment resistance 1, petrification resistance, mutation resistance
1
a: Renounce Religion


You were in the Dungeon.
You worshipped Vehumet.
Vehumet was noncommittal.
You visited 1 branch You collected 33 gold pieces.

Inventory:

Hand Weapons
 i - a +0 club (weapon)
Missiles
 h - 6 boomerangs (quivered)
Armour
 a - a +0 robe (worn)
Wands
 d - a wand of flame (30)
Scrolls
 g - a scroll of blinking
 k - a scroll of poison {unknown}
 l - a scroll of magic mapping {unknown}
 m - a scroll of immolation {unknown}
 n - 2 scrolls of identify
Potions
 b - 3 potions of magic
 c - 2 potions of curing
 f - a potion of berserk rage
 o - a potion of brilliance {unknown}
 p - a potion of flight {unknown}


   Skills:
 + Level 3.9 Dodging
 + Level 4.5 Stealth
 + Level 6.8 Spellcasting
 + Level 1.1 Transmutations
 + Level 11.4 Earth Magic


You had 8 spell levels left.
You knew the following spells:

 Your Spells              Type           Power      Damage    Failure   Level
a - Sandblast             Erth           88%        2d18      1%          1
b - Passwall              Tmut/Erth      22%        N/A       1%          2
c - Stone Arrow           Conj/Erth      50%        3d10      3%          3
d - Petrify               Tmut/Erth      27%        N/A       9%          4

Your spell library contained the following spells:

 Spells                   Type           Power      Damage    Failure   Level
 Gell's Gravitas          Tloc           5%         N/A       34%         3
 Teleport Other           Tloc           5%         N/A       34%         3
 Tukima's Dance           Hex            5%         N/A       34%         3
 Passage of Golubria      Tloc           5%         N/A       75%         4
 Yara's Violent Unravell  Hex/Tmut       3%         3d4       95%         5
 Dispersal                Tloc           2%         N/A       100%        6


Dungeon Overview and Level Annotations

Branches:
Dungeon (1/1)

Altars:
Dithmenos
Elyvilon
Kikubaaqudgha
Ru
Sif Muna
Vehumet
Yredelemnul
Zin
The Shining One


Innate Abilities, Weirdness & Mutations

You are immune to sickness and miasma.
Your stone body is resilient. (AC +4)
You are immune to poison.
You resist negative energy. (rN+)
You are resistant to electric shocks. (rElec)
You are resistant to unholy torment.
You are immune to petrification.
You are somewhat resistant to further mutation.


Message History

Casting: Sandblast (safe; 1% risk of failure)
Confirm with . or Enter, or press ? or * to list all spells.
Aiming: Sandblast (safe; 1% risk of failure)
Press: ? - help, Shift-Dir - straight line, f - necrophage
Aim: a necrophage (85% to hit)
The blast of sand hits the necrophage!!
You destroy the necrophage!
Vehumet accepts your kill.
Your Earth Magic skill increases to level 11!
There is an open door here.
Items here: ) [ ††.
Okay, then.
d - a wand of flame (30)
There is an open door here.
Items here: ) [ ††.
You open the door.
A deep elf pyromancer comes into view.
It is wielding a +0 long sword of holy wrath.
The deep elf pyromancer shouts!
The deep elf pyromancer gestures at you while chanting.
The sticky flame hits you.
You are covered in liquid flames!
Found a potion of curing.
Found three altars.
You are covered in liquid flames!
The flames go out!
There is a fountain of clear blue water here.
Casting: Sandblast (safe; 1% risk of failure)
Confirm with . or Enter, or press ? or * to list all spells.
Aiming: Stone Arrow (dangerous; 3% risk of failure)
Press: ? - help, Shift-Dir - straight line, f - deep elf pyromancer
Aim: a deep elf pyromancer, wielding a +0 long sword of holy wrath (60% to hit)
The stone arrow hits the deep elf pyromancer!
The deep elf pyromancer is moderately wounded.
The deep elf pyromancer mumbles some strange words.
Unknown command.
Okay, then.
The deep elf pyromancer points at you and mumbles some strange words.
The bolt of fire hits the fire elemental.
The fire elemental completely resists.
The bolt of fire hits you!!!
Ouch! That really hurt!
You die...

▓▓▓▓▓▓▓▓ ▓▓▓ ..'....♣♣
♣.##### #### ..#.....♣
♣.#___# #__# ###.....♣
♣.#!.e# #._#
..#....~♣♣♣♣♣.###E#+###)##
..#...~~..♣♣..#..........#
..#..~~~~.♣♣♣.'.§........#
#'#..~≈≈~~~...#.@.######+#
..#.~~≈~~~....#.⌠.#
†.#.~≈~~~.....#)..#
..#.~~~.......#)###
###...........#...#
..............#___#
▓▓▓▓▓▓▓▓▓▓▓▓▓▓▓▓▓▓▓


You could see a deep elf pyromancer and a fire elemental (summoned).

Vanquished Creatures
  A necrophage (D)
  A scorpion (D)
  A water elemental (D)
  A wizard (D)
  Jessica (D)
  A necromancer (D)
  A human (D)
  A kobold demonologist (D)
  An endoplasm (D)
  2 rats (D)
11 creatures vanquished.

Notes
Turn   | Place    | Note
-------+----------+-------------------------------------------
     0 | D        | mhtbhm the Gargoyle Earth Elementalist began the quest for
                  | the Orb.
     0 | D        | Reached XP level 1. HP: 10/10 MP: 3/3
     3 | D        | Reached skill level 4 in Earth Magic
    75 | D        | Noticed Jessica
    77 | D        | Killed Jessica
    78 | D        | Reached skill level 6 in Earth Magic
    78 | D        | Reached XP level 2. HP: 15/15 MP: 1/6
    78 | D        | Reached XP level 3. HP: 19/19 MP: 1/7
   154 | D        | Reached skill level 7 in Earth Magic
   299 | D        | Learned a level 2 spell: Passwall
   303 | D        | Learned a level 3 spell: Stone Arrow
   333 | D        | Noticed a scorpion
   339 | D        | Killed a scorpion
   340 | D        | Reached skill level 1 in Transmutations
   340 | D        | Reached skill level 8 in Earth Magic
   340 | D        | Reached XP level 4. HP: 23/24 MP: 5/10
   346 | D        | Learned a level 4 spell: Petrify
   363 | D        | Gained mutation: You occasionally lose the ability to read
                  | scrolls when taking damage. [potion of mutation]
   363 | D        | Gained mutation: Your spells are a little harder to cast,
                  | but a little more powerful. [potion of mutation]
   366 | D        | Lost mutation: You occasionally lose the ability to read
                  | scrolls when taking damage. [potion of mutation]
   366 | D        | Lost mutation: Your spells are a little harder to cast, but
                  | a little more powerful. [potion of mutation]
   366 | D        | Gained mutation: Potions are less effective at restoring
                  | your health. [potion of mutation]
   367 | D        | Lost mutation: Potions are less effective at restoring your
                  | health. [potion of mutation]
   367 | D        | Gained mutation: You are somewhat resistant to further
                  | mutation. [potion of mutation]
   384 | D        | Noticed a water elemental
   386 | D        | Killed a water elemental
   387 | D        | Reached skill level 5 in Spellcasting
   387 | D        | Reached skill level 9 in Earth Magic
   387 | D        | Reached XP level 5. HP: 28/28 MP: 4/12
   449 | D        | Found a radiant altar of Vehumet.
   449 | D        | Found a shimmering blue altar of Sif Muna.
   449 | D        | Found an ancient bone altar of Kikubaaqudgha.
   452 | D        | Reached skill level 10 in Earth Magic
   452 | D        | Noticed an ice devil
   452 | D        | Noticed a chaos spawn
   452 | D        | HP: 1/28 [chaos spawn[a kobold demonologist] (12)]
   496 | D        | Became a worshipper of Vehumet
   772 | D        | Found a basalt altar of Yredelemnul.
   772 | D        | Found a shadowy altar of Dithmenos.
   772 | D        | Found a sacrificial altar of Ru.
   774 | D        | Reached XP level 6. HP: 30/32 MP: 13/15
   775 | D        | Reached skill level 11 in Earth Magic
   786 | D        | Found a glowing silver altar of Zin.
   786 | D        | Found a glowing golden altar of the Shining One.
   786 | D        | Found a white marble altar of Elyvilon.
   786 | D        | Noticed a deep elf pyromancer
   790 | D        | Noticed a fire elemental
   790 | D        | Killed from afar by a deep elf pyromancer

Illustrated notes

Levels and vault maps discovered:
D:        dungeon_sprint_mu [sprint_mu_entry_forest, sprint_mu_temple_rooms,
          sprint_mu_d1_horrors, sprint_mu_d2_genie, sprint_mu_d3_branching,
          sprint_mu_orc_legion, sprint_mu_elf_gauntlet, sprint_mu_hive_nellie,
          sprint_mu_lair_fedhas, sprint_mu_vaults_butterflies,
          sprint_mu_slime_circle, sprint_mu_swamp_cave, sprint_mu_shoals_kraken,
          sprint_mu_blade_basic, sprint_mu_crypt_lich, sprint_mu_tomb_spiral,
          sprint_mu_vestibule_basic, sprint_mu_gehenna_hellfire,
          sprint_mu_dis_giant, sprint_mu_tartarus_statrot,
          sprint_mu_cocytus_islands, sprint_mu_zot1]

Skill      XL: |  1  2  3  4  5  6 |
---------------+-------------------+-----
Earth Magic    | 6 8 9 10 11 | 11.4
Dodging        | 2 3 |  3.9
Spellcasting   | 3 4 5 6 |  6.8
Stealth        | 3 4 |  4.5
Transmutations | 1 |  1.1

Action                   |  1- 3 |  4- 6 || total
-------------------------+-------+-------++-------
 Cast: Sandblast         |    15 |    10 ||    25
       Stone Arrow       |       |     3 ||     3
  Use: Potion            |       |     5 ||     5
Armor: Robe              |       |     2 ||     2
Dodge: Dodged            |     5 |     2 ||     7

Table legend: (Time is in decaauts)
 A = Elapsed time spent in this place.
 B = Non-inter-level travel time spent in this place.
 C = Inter-level travel time spent in this place.
 D = Time resting spent in this place.
 E = Time spent auto-exploring this place.
 F = Levels seen in this place.
 G = Mean time per level.
                   A        B        C        D        E       F      G
               +--------+--------+--------+--------+--------+-----+--------+
         Total |    786 |    786 |      0 |    546 |     57 |   1 |  786.0 |
       Dungeon |    786 |    786 |      0 |    546 |     57 |   1 |  786.0 |
               +--------+--------+--------+--------+--------+-----+--------+

Top non-repeatable levels by time:
       D: 786 daAuts
